Map: Babylon LE

Players

MattBarry - Winner!

  • Race: Zerg Zerg
  • League: Gold
  • Spawn Location: 5:00

TossUrMama

  • Race: Protoss Protoss
  • League: Gold
  • Spawn Location: 11:00

VOD

Have the link to the VOD?

Description

Time

  • Played on: Jan. 30, 2023, 8:08 a.m.
  • Length: 13:14
Show
View Real Time Build Order
Export as new Build Order

MattBarry Zerg - Winner!

Build Orders: Hatch First 

Get SALT Encoding   

  12  0:00  Drone  
  13  0:12  Overlord  
  13  0:18  Drone  
  14  0:30  Drone x2  
  16  0:50  Hatchery  
  15  0:59  Drone  
  15  1:00  Drone x2  
  18  1:05  Extractor  
  17  1:18  Spawning Pool  
  16  1:20  Drone  
  17  1:32  Drone  
  17  1:34  Drone  
  19  1:43  Overlord  
  19  2:09  Zergling x4, Queen  
  19  2:11  Queen  
  25  2:17  Metabolic Boost  
  25  2:19  Zergling x2, Drone  
  25  2:20  Drone  
  28  2:25  Extractor  
  28  2:28  Drone  
  28  2:29  Drone  
  29  2:36  Drone  
  30  2:52  Hatchery  
  29  2:59  Drone x3  
  29  3:03  Drone x2  
  34  3:14  Drone x2  
  35  3:28  Lair  
  35  3:31  Queen  
  35  3:34  Spore Crawler  
  35  3:36  Spore Crawler  
  35  3:38  Spore Crawler  
  35  3:39  Spore Crawler  
  31  3:46  Drone x2  
  31  3:47  Drone  
  34  3:52  Overlord  
  34  4:09  Drone x3  
  37  4:12  Drone  
  37  4:13  Drone x3  
  37  4:16  Extractor  
  40  4:18  Extractor  
  40  4:21  Queen  
  41  4:26  Drone x2  
  43  4:46  Queen  
  43  4:47  Queen  
  43  4:48  Drone  
  43  4:49  Drone  
  43  4:50  Drone  
  50  5:04  Hydralisk Den  
  49  5:07  Queen, Hydralisk Den  
  49  5:10  Evolution Chamber  
  49  5:12  Drone  
  49  5:13  Overlord  
  50  5:14  Evolution Chamber  
  50  5:18  Overlord  
  50  5:19  Drone  
  50  5:53  Grooved Spines  
  50  5:54  Muscular Augments  
  50  5:55  Zerg Missile Weapons Level 1  
  50  5:56  Zerg Ground Armor Level 1  
  50  6:02  Drone x2  
  50  6:03  Hydralisk x5, Drone  
  61  6:06  Overlord  
  63  6:15  Hydralisk  
  65  6:23  Spore Crawler  
  64  6:54  Pneumatized Carapace  
  64  6:56  Hydralisk x5  
  64  6:58  Overlord x2  
  64  6:59  Overlord  
  74  7:04  Infestation Pit  
  74  7:05  Drone  
  74  7:28  Drone x7  
  74  7:29  Drone x2  
  83  7:34  Hatchery  
  82  7:38  Overseer  
  82  7:40  Overseer  
  82  7:50  Hive  
  82  8:00  Extractor  
  82  8:01  Extractor  
  82  8:03  Queen  
  82  8:04  Queen  
  84  8:06  Overlord  
  84  8:07  Overlord  
  84  8:11  Hydralisk x4  
  92  8:14  Zergling x4  
  92  8:16  Zergling x2  
  95  8:26  Drone  
  97  8:27  Zergling x2, Drone x4  
  97  8:28  Zergling x2  
  102  8:47  Queen  
  104  8:50  Queen  
  104  8:53  Overlord x2  
  106  8:58  Zerg Missile Weapons Level 2  
  106  9:00  Zerg Ground Armor Level 2  
  106  9:06  Lurker Den  
  106  9:07  Nydus Network  
  106  9:09  Overlord  
  104  9:12  Hydralisk  
  104  9:15  Overlord  
  106  9:23  Queen  
  106  9:25  Overlord x3  
  104  9:34  Hydralisk x3  
  108  10:11  Drone x5  
  108  10:12  Drone x5, Overlord x2  
  108  10:13  Overlord x2  
  119  10:14  Drone x3  
  119  10:16  Hydralisk x3  
  114  10:30  Hydralisk  
  114  10:31  Hydralisk x3  
  98  10:48  Hydralisk x5  
  98  10:49  Hydralisk  
  104  11:08  Seismic Spines  
  104  11:09  Hydralisk x5  
  104  11:11  Hydralisk  
  114  11:17  Drone x5  
  121  11:27  Hydralisk x4  
  129  12:01  Hydralisk x5  
  129  12:02  Hydralisk x6, Spore Crawler x2  
  129  12:05  Adaptive Talons  
  147  12:10  Hydralisk x2  
  147  12:11  Overlord  
  151  12:17  Zergling x10  
  151  12:19  Drone  
  151  12:20  Drone  
  158  12:31  Drone x2  
  158  12:32  Drone x7  
  158  12:33  Drone  
Show
View Real Time Build Order
Export as new Build Order

TossUrMama Protoss 

Build Orders:  

Get SALT Encoding   

  12  0:00  Probe (Chrono Boost)  
  13  0:10  Probe (Chrono Boost)  
  14  0:20  Pylon  
  14  0:23  Probe  
  15  0:38  Probe  
  15  0:42  Gateway  
  16  0:53  Gateway  
  16  1:04  Forge  
  16  1:15  Pylon  
  16  1:26  Probe (Chrono Boost)  
  16  1:30  Assimilator  
  17  1:36  Probe (Chrono Boost)  
  17  1:37  Cybernetics Core  
  20  1:40  Zealot  
  20  1:41  Probe (Chrono Boost)  
  20  1:44  Zealot  
  23  1:52  Probe  
  24  2:02  Assimilator  
  24  2:06  Probe  
  25  2:20  Nexus  
  25  2:23  Probe  
  26  2:35  Shield Battery  
  26  2:40  Probe (Chrono Boost)  
  27  2:45  Pylon  
  28  2:51  Probe (Chrono Boost)  
  28  2:58  Probe (Chrono Boost)  
  29  3:06  Assimilator  
  29  3:07  Stargate  
  29  3:13  Stargate  
  28  3:34  Stalker  
  30  4:02  Probe (Chrono Boost)  
  32  4:03  Probe (Chrono Boost)  
  32  4:11  Phoenix  
  32  4:12  Probe (Chrono Boost)  
  32  4:13  Probe (Chrono Boost)  
  36  4:22  Probe  
  37  4:25  Probe  
  40  4:32  Assimilator  
  40  4:34  Phoenix (Chrono Boost), Probe  
  40  4:37  Probe  
  40  4:38  Phoenix (Chrono Boost)  
  44  4:48  Probe  
  44  4:49  Probe  
  46  4:54  Phoenix  
  48  5:02  Pylon  
  48  5:04  Phoenix  
  50  5:10  Zealot  
  50  5:14  Warp Gate  
  52  5:18  Pylon  
  52  5:21  Probe  
  53  5:23  Probe  
  54  5:33  Probe  
  55  5:36  Probe  
  55  5:40  Stargate  
  56  5:45  Stargate  
  56  5:50  Pylon  
  56  6:03  Robotics Facility  
  54  6:30  Phoenix x2 (Chrono Boost)  
  54  6:31  Phoenix x2 (Chrono Boost)  
  58  6:40  Zealot  
  58  6:41  Zealot  
  58  6:44  Probe x2  
  64  6:55  Forge  
  64  6:56  Probe x2  
  64  6:57  Pylon  
  66  7:03  Protoss Air Weapons Level 1 (Chrono Boost)  
  66  7:08  Phoenix (Chrono Boost)  
  66  7:10  Phoenix  
  66  7:12  Phoenix  
  72  7:17  Phoenix  
  72  7:18  Protoss Shields Level 1 (Chrono Boost)  
  74  7:24  Pylon  
  74  7:25  Probe x2  
  76  7:43  Phoenix x2 (Chrono Boost)  
  80  7:49  Phoenix (Chrono Boost)  
  84  8:02  Phoenix (Chrono Boost)  
  84  8:06  Immortal  
  88  8:13  Pylon, Phoenix  
  90  8:23  Phoenix  
  92  8:35  Stalker  
  94  8:59  Probe x2  
  96  9:11  Probe x2  
  96  9:12  Protoss Ground Weapons Level 1  
  90  9:34  Phoenix x3  
  90  9:35  Phoenix  
  92  9:55  Zealot x2  
  100  10:05  Void Ray  
  100  10:07  Gateway  
  100  10:08  Gateway  
  100  10:11  Gateway  
  98  10:29  Void Ray  
  98  10:31  Void Ray  
  88  10:38  Zealot x2  
  94  11:05  Pylon  
  94  11:07  Pylon, Void Ray  
  94  11:09  Stalker x4, Nexus  
  94  11:10  Twilight Council  
  114  11:29  Void Ray x2  
  114  11:31  Void Ray  
  114  11:39  Stalker x2  
  118  11:49  Pylon  
  118  11:51  Pylon  
  116  12:14  Zealot x4  
  116  12:15  Zealot  
  124  12:26  Shield Battery  
  124  12:27  Shield Battery  
  124  12:33  Probe  
  125  12:44  Probe  
  125  12:45  Probe  
  125  12:49  Stalker x4  
  129  12:56  Probe  
  129  12:57  Probe  
Tags
 
League
GoldGold
Matchup
PvZ
Replay Pack
Multiplayer
Spawn Locations
Cross Positions
Add a new tag
Caveats
  • Supply blocks, unpowered buildings, or Contaminate may cause inaccurate times.
  • Supply counts are checked every 10 seconds.